 Dungeon Crawl Stone Soup version 0.29-a0-982-gaed3a0c8d8 (webtiles) character file.

Game seed: 8544353064133001490

88 MisterAzrael the Sneak (level 4, 0/24 HPs)
             Began as a Kobold Enchanter on Aug 2, 2022.
             Killed by nerve-wracking pain
             ... invoked by Jessica
              (13 damage)
             ... on level 3 of the Dungeon.
             The game lasted 00:02:39 (2418 turns).

MisterAzrael the Sneak (Kobold Enchanter)           Turns: 2418, Time: 00:02:40

Health: 0/24       AC:  2    Str:  5    XL:     4   Next: 81%
Magic:  16/16      EV: 15    Int: 16    God:
Gold:   110        SH:  0    Dex: 17    Spells: 5/7 levels left

rFire   . . .      SeeInvis .   a - +1 dagger
rCold   . . .      Faith    .   (no shield)
rNeg    . . .      Spirit   .   b - +0 robe
rPois   .          Reflect  .   (no helmet)
rElec   .          Harm     .   (no cloak)
rCorr   .          Rampage  .   (no gloves)
Will    .....                   (no boots)
Stlth   ++++......              (no amulet)
HPRegen 0.08/turn               o - ring of magical power
MPRegen 0.15/turn               (no ring)

@: no status effects
A: small, no large weapons, nightstalker 3
a: no special abilities


You were on level 3 of the Dungeon.
You visited 1 branch of the dungeon, and saw 3 of its levels.

You collected 110 gold pieces.

Inventory:

Hand Weapons
 a - a +1 dagger (weapon)
Armour
 b - a +0 robe (worn)
Jewellery
 o - a ring of magical power (left hand)
Scrolls
 d - a scroll of torment {unknown}
 e - a scroll of vulnerability {unknown}
 f - 4 scrolls of identify {unknown}
 h - a scroll of magic mapping {unknown}
 i - 3 scrolls of teleportation {unknown}
 n - 2 scrolls of blinking {unknown}
Potions
 c - 3 potions of invisibility
 g - 2 potions of might {unknown}
 j - a potion of resistance {unknown}
 k - a potion of heal wounds {unknown}
 l - a potion of berserk rage {unknown}
 m - a potion of flight {unknown}


   Skills:
 + Level 3.2 Short Blades
 - Level 2.4 Dodging
 * Level 6.2 Stealth
 - Level 2.1 Spellcasting
 * Level 3.2 Hexes


You had 5 spell levels left.
You knew the following spells:

 Your Spells              Type           Power      Damage    Failure   Level
a - Ensorcelled Hibernat  Hex/Ice        12%        N/A       16%         2

Your spell library contained the following spells:

 Spells                   Type           Power      Damage    Failure   Level
 Confusing Touch          Hex            12%        N/A       16%         3
 Tukima's Dance           Hex            12%        N/A       16%         3
 Passwall                 Tmut/Erth      0%         N/A       30%         2
 Dazzling Flash           Conj/Hex       12%        N/A       32%         3
 Swiftness                Air            1%         N/A       52%         3


Dungeon Overview and Level Annotations

Branches:
Dungeon (3/15)

Altars:
Wu Jian

Annotations:
D:3 Jessica


Innate Abilities, Weirdness & Mutations

You are small and have problems with some larger weapons.
You are completely attuned to the shadows.


Message History

Found 5 stones.
Aiming: Ensorcelled Hibernation (safe; 16% risk of failure)
Press: ? - help, Q - select action Shift-Dir - straight line, f - goblin
Aim: a goblin, wielding a +0 dagger (wandering, hasn't noticed you, chance to affect: 57%)
The goblin shouts!
The goblin looks drowsy...
You hear a shout!
A bat comes into view.
The bat barely misses you.
You closely miss the bat. The bat closely misses you.
Jessica the Apprentice Sorceress comes into view.
She is wielding a +0 dagger.
You barely miss the bat. The bat barely misses you. The bat closely misses you.
The goblin shouts!
You barely miss the bat. The bat hits you but does no damage.
The goblin barely misses you.
Jessica says, "I'm really upset."
Jessica casts a spell at you. Pain shoots through your body!
The bat closely misses you. The goblin attacks as you move away!
The goblin barely misses you. The bat closely misses you.
Jessica gestures wildly while chanting.
Jessica blinks!
The bat closely misses you. The bat attacks as you move away!
The bat closely misses you. x2
The goblin attacks as you move away! The goblin misses you.
The bat attacks as you move away! The bat barely misses you.
The bat misses you. The goblin misses you.
You hit the bat.
The bat is heavily wounded.
The bat hits you but does no damage. The bat barely misses you.
The goblin hits you with a +0 dagger.
You hit the bat.
You kill the bat!
The goblin barely misses you.
Jessica points at you and mumbles some strange words.
Pain shoots through your body!
Ouch! That really hurt!
You die...

######.#
...)...#
.#####.# #.# #.#
#.# .. #.# .#
#.#.### .#
#...@g#####.#..
#.###@.....ยง(.#
#. #.......... #
#.####..... ...#
#...#. ####
#....


You could see Jessica and a goblin.

Vanquished Creatures
  Terence (D:3)
  3 adders (D:2)
  A dart slug (D:1)
  4 ball pythons
  6 endoplasms
  A giant cockroach (D:1)
  A goblin (D:2)
  5 hobgoblins
  3 kobolds
  A quokka (D:1)
  5 bats
  A frilled lizard (D:2)
  A rat (D:2)
33 creatures vanquished.

Notes
Turn   | Place    | Note
-------+----------+-------------------------------------------
     0 | D:1      | MisterAzrael the Kobold Enchanter began the quest for the
                  | Orb.
     0 | D:1      | Reached XP level 1. HP: 10/10 MP: 3/3
    92 | D:1      | Reached XP level 2. HP: 13/15 MP: 5/5
   946 | D:1      | Reached skill level 5 in Stealth
  1077 | D:2      | Reached XP level 3. HP: 19/19 MP: 6/6
  1517 | D:2      | Learned a level 2 spell: Ensorcelled Hibernation
  1784 | D:2      | Found an ornate altar of the Wu Jian Council.
  1847 | D:2      | Reached XP level 4. HP: 24/24 MP: 7/7
  1930 | D:2      | Reached skill level 6 in Stealth
  2388 | D:3      | Noticed Terence
  2391 | D:3      | Killed Terence
  2406 | D:3      | Noticed Jessica
  2418 | D:3      | Killed from afar by Jessica

Illustrated notes

Levels and vault maps discovered:
D:1:      sevenhm_arrival_forest_fort_large_4, layout_loops_cross
D:2:      layout_basic, basic_altar, hex_tiny, amcnicky_mini_corridor_feature,
          minmay_misc_feat_plants, due_unseen_surprise
D:3:      layout_loops_ring, uniq_jessica, uniq_terence

Skill      XL: |  1  2  3  4 |
---------------+-------------+-----
Short Blades   | 2 3 |  3.2
Stealth        | 5 6 |  6.2
Dodging        | |  2.4
Spellcasting   | |  2.1
Hexes          | |  3.2

Action                   |  1- 3 |  4- 6 || total
-------------------------+-------+-------++-------
Melee: Dagger            |    71 |    11 ||    82
 Cast: Ensorcelled Hiber |     5 |     8 ||    13
 Stab: Sleeping          |    15 |     5 ||    20
Armor: Robe              |     6 |     2 ||     8
Dodge: Dodged            |    45 |    24 ||    69

Table legend: (Time is in decaauts)
 A = Elapsed time spent in this place.
 B = Non-inter-level travel time spent in this place.
 C = Inter-level travel time spent in this place.
 D = Time resting spent in this place.
 E = Time spent auto-exploring this place.
 F = Levels seen in this place.
 G = Mean time per level.
                   A        B        C        D        E       F      G
               +--------+--------+--------+--------+--------+-----+--------+
         Total |   2408 |   2377 |     31 |    267 |   1857 |   3 |  802.7 |
       Dungeon |   2408 |   2377 |     31 |    267 |   1857 |   3 |  802.7 |
               +--------+--------+--------+--------+--------+-----+--------+

Top non-repeatable levels by time:
     D:2: 1316 daAuts
     D:1: 1056 daAuts
     D:3: 35 daAuts
